 Dungeon Crawl Stone Soup version 0.30-a0-972-gf3ab3527aa (webtiles) character file.

Game seed: 3397157286398354193

80 retardedninja the Covered (level 4, -6/40 HPs)
             Began as an Armataur Fighter on Mar 31, 2023.
             Mangled by Edmund
             ... wielding a +2 heavy dire flail
              (13 damage)
             ... on level 4 of the Dungeon.
             The game lasted 00:02:23 (2639 turns).

retardedninja the Covered (Armataur Fighter)        Turns: 2639, Time: 00:02:24

Health: -6/40      AC:  8    Str: 21    XL:     4   Next: 18%
Magic:  4/4        EV:  7    Int:  8    God:
Gold:   155        SH:  5    Dex: 12    Spells: 3/3 levels left

rFire   . . .      SeeInvis .    a - +0 long sword
rCold   . . .      Faith    .    c - +0 buckler
rNeg    . . .      Spirit   .    b - +0 scale mail
rPois   .          Reflect  .    p - +0 helmet
rElec   .          Roll     +    (no cloak)
rCorr   .                        (no gloves)
Will    +....                    (no barding) Stlth
                                 h - amulet of the acrobat
HPRegen 0.26/turn                (no ring)
MPRegen 0.09/turn                (no ring)

@: unable to read
A: large, rugged brown scales 3, deformed body, armoured tail, roll, long
tongue, awkward tongue, deterioration 1, strong-willed 1, inability to read
after injury 1
a: no special abilities


You were on level 4 of the Dungeon.
You visited 1 branch of the dungeon, and saw 4 of its levels.

You collected 155 gold pieces.

Inventory:

Hand Weapons
 a - a +0 long sword (weapon)
Armour
 b - a +0 scale mail (worn)
 c - a +0 buckler (worn)
 p - a +0 helmet (worn)
Jewellery
 h - an amulet of the acrobat (around neck)
Scrolls
 e - a scroll of enchant armour {unknown}
 f - 3 scrolls of enchant weapon {unknown}
 i - 3 scrolls of teleportation {unknown}
 j - a scroll of immolation {unknown}
 k - 2 scrolls of identify {unknown}
 l - a scroll of amnesia {unknown}
 m - a scroll of blinking {unknown}
 o - a scroll of fog {unknown}
 r - a scroll of magic mapping {unknown}
 s - a scroll of fear {unknown}
 u - a scroll of vulnerability {unknown}
Potions
 d - a potion of might
 g - a potion of berserk rage {unknown}
 n - a potion of invisibility {unknown}
 q - a potion of resistance {unknown}
 t - a potion of heal wounds {unknown}
 v - a potion of cancellation {unknown}
 w - a potion of mutation


   Skills:
 + Level 3.2 Fighting
 + Level 2.5 Long Blades
 + Level 4.4 Armour
 + Level 3.9 Shields


You had 3 spell levels left.
You didn't know any spells.
Your spell library contained the following spells:

 Spells                   Type           Power      Damage    Failure   Level
 Lesser Beckoning         Tloc           0%         N/A       91%         2
 Gell's Gravitas          Tloc           0%         N/A       99%         3
 Teleport Other           Tloc           0%         N/A       99%         3


Dungeon Overview and Level Annotations

Branches:
Dungeon (4/15)
 Temple: D:4-7

Altars:

Annotations:
D:4 1 runed translucent door, Crazy Yiuf, Edmund


Innate Abilities, Weirdness & Mutations

You are completely covered in rugged brown scales. (AC +3, +7% HP)
Armour fits poorly on your strangely shaped body.
You have a long armoured tail.
You roll when moving toward enemies. (Rampage)
Your long tongue fully drains potion bottles. (2x potion effects)
Your tongue gives you trouble enunciating. (1.5x scroll delay)
Your body sometimes deteriorates upon taking damage.
You are strong-willed. (Will+)
You occasionally lose the ability to read scrolls when taking damage.


Message History

Edmund hits you with a +2 heavy dire flail!
You barely miss Edmund. You tail-slap Edmund.
Edmund is lightly wounded.
You block Edmund's attack.
You hit Edmund.
Edmund is lightly wounded.
Edmund closely misses you.
A hobgoblin comes into view.
The hobgoblin shouts!
You hit Edmund but do no damage.
Edmund is lightly wounded.
Edmund hits you with a +2 heavy dire flail.
You closely miss Edmund.
Edmund is lightly wounded.
You hit Edmund but do no damage. You tail-slap Edmund.
Edmund is moderately wounded.
Edmund hits you with a +2 heavy dire flail.
You hit Edmund.
Edmund is moderately wounded.
You block Edmund's attack.
The hobgoblin hits you but does no damage.
You hit Edmund. You tail-slap Edmund, but do no damage.
Edmund is heavily wounded.
Edmund hits you with a +2 heavy dire flail!!
Ouch! That really hurt!
* * * LOW HITPOINT WARNING * * *
The hobgoblin hits you but does no damage.
It was a potion of mutation.
You feel extremely strange.
You occasionally lose the ability to read scrolls when taking damage.
You feel yourself wasting away.
You feel strong-willed.
You slurp down every last drop of the potion of mutation!
The hobgoblin barely misses you. You block Edmund's attack.
Okay, then.
You barely miss Edmund.
Edmund is heavily wounded.
You block the hobgoblin's attack. The hobgoblin hits you.
* * * LOW HITPOINT WARNING * * *
Edmund hits you with a +2 heavy dire flail!
You feel threatened and lose the ability to read scrolls!
You die...

#.#.#.#.. ###
#.####... .. #..#
##.. .. ##..# #...
#. #...# #... #.
#...# ##.# ##.##
#...# #.##
.####..g########..#
##.#
......@@..........#
#.#
.####.....######..#
##. ##......# #..#
#+ #....#.# #..# ..
#....#.# #..# #..
......# # #..# #..
###..... #..# ###
....... ..#


You could see Edmund and a hobgoblin.

Vanquished Creatures
  An adder (D:3)
  3 dart slugs
  An orc (D:3)
  7 ball pythons
  5 bats
  3 endoplasms
  2 giant cockroaches
  4 goblins
  3 hobgoblins (D:1)
  5 jackals
  A quokka (D:1)
  4 frilled lizards
  17 kobolds
  7 rats
63 creatures vanquished.

Notes
Turn   | Place    | Note
-------+----------+-------------------------------------------
     0 | D:1      | retardedninja the Armataur Fighter began the quest for the
                  | Orb.
     0 | D:1      | Reached XP level 1. HP: 19/19 MP: 1/1
   199 | D:1      | Reached XP level 2. HP: 26/26 MP: 2/2
   315 | D:1      | Found a faded altar of an unknown god.
   476 | D:1      | Reached skill level 4 in Armour
   664 | D:1      | Reached XP level 3. HP: 33/33 MP: 3/3
  1999 | D:3      | Reached XP level 4. HP: 40/40 MP: 4/4
  2598 | D:4      | Found a runed translucent door.
  2599 | D:4      | Noticed Crazy Yiuf
  2628 | D:4      | Noticed Edmund
  2638 | D:4      | Gained mutation: You occasionally lose the ability to read
                  | scrolls when taking damage. [potion of mutation]
  2638 | D:4      | Gained mutation: Your body sometimes deteriorates upon
                  | taking damage. [potion of mutation]
  2638 | D:4      | Gained mutation: You are strong-willed. (Will+) [potion of
                  | mutation]
  2639 | D:4      | Mangled by Edmund

Illustrated notes

Levels and vault maps discovered:
D:1:      lightli_arrival_boilingwater, layout_rooms, basic_ecumenical_altar,
          serial_aquarium, aquarium_bridge_straight [aquarium_subvault_bridge,
          aquarium_subvault_window, aquarium_subvault_bridge,
          aquarium_subvault_wall], aquarium_window_1, aquarium_window_1,
          aquarium_view_2e, aquarium_view_2a, aquarium_balcony_1b,
          aquarium_pool_side, kennysheep_pointless_box, minmay_misc_feat_plants
D:2:      minmay_kobold_bridge, layout_basic
D:3:      layout_basic, kennysheep_generic_room_2
D:4:      layout_loops_ring, serial_shops, nicolae_inconvenience_store,
          uniq_edmund, uniq_crazy_yiuf_cottage

Skill      XL: |  1  2 |
---------------+-------+-----
Long Blades    | 2 |  2.5
Armour         | 4 |  4.4
Fighting       | 3 |  3.2
Shields        | |  3.9

Action                     |  1- 3 |  4- 6 || total
---------------------------+-------+-------++-------
  Melee: Long sword        |   145 |    37 ||   182
         Tailslap          |    13 |     6 ||    19
    Use: Potion            |       |     1 ||     1
 Armour: Scale mail        |    94 |    14 ||   108
  Dodge: Dodged            |    58 |    16 ||    74
  Block: Buckler           |    39 |     5 ||    44

Table legend: (Time is in decaauts)
 A = Elapsed time spent in this place.
 B = Non-inter-level travel time spent in this place.
 C = Inter-level travel time spent in this place.
 D = Time resting spent in this place.
 E = Time spent auto-exploring this place.
 F = Levels seen in this place.
 G = Mean time per level.
                   A        B        C        D        E       F      G
               +--------+--------+--------+--------+--------+-----+--------+
         Total |   2695 |   2517 |    178 |     67 |   2029 |   4 |  673.8 |
       Dungeon |   2695 |   2517 |    178 |     67 |   2029 |   4 |  673.8 |
               +--------+--------+--------+--------+--------+-----+--------+

Top non-repeatable levels by time:
     D:2: 961 daAuts
     D:3: 848 daAuts
     D:1: 784 daAuts
     D:4: 100 daAuts
